 Dungeon Crawl Stone Soup version 0.28.0-53-g5a82cb258f (webtiles) character file.

Game seed: 12406207325311693488

170109 jifgo the Severer (level 17, -6/160 HPs)
             Began as a Hill Orc Fighter on June 28, 2022.
             Was the Champion of Qazlal.
             Blown up by an orb spider (58 damage)
             ... with an orb of destruction
             ... on level 1 of the Spider Nest on June 29, 2022.
             The game lasted 01:39:52 (33760 turns).

jifgo the Severer (Hill Orc Fighter)               Turns: 33760, Time: 01:39:53

Health: -6/160     AC: 45    Str: 30    XL:     17   Next: 68%
Magic:  19/29      EV:  7    Int:  6    God:    Qazlal [******]
Gold:   513        SH: 27    Dex: 16    Spells: 14/16 levels left

rFire   + . .      SeeInvis .   q - +5 broad axe (flame)
rCold   . . .      Faith    .   c - +0 kite shield
rNeg    + . .      Spirit   .   b - +10 plate armour of the Wumpus {rF+ rN+ Int-2 Dex+6}
rPois   .          Reflect  +   (no helmet)
rElec   .          Harm     .   p - +2 cloak
rCorr   .          Rampage  .   o - +2 pair of gloves {Str+3}
Will    ++...                   i - +2 pair of boots
Stlth   ..........              P - amulet of reflection
HPRegen 0.36/turn               M - ring of willpower
MPRegen 0.21/turn               L - +4 ring of protection

@: protected from physical damage, repel missiles
A: no striking features
}: 1/15 runes: decaying
a: Renounce Religion, Upheaval, Elemental Force, Disaster Area


You were on level 1 of the Spider Nest.
You worshipped Qazlal.
Qazlal was exalted by your worship.
You visited 6 branches of the dungeon, and saw 28 of its levels.
You visited 1 bazaar.
You also visited: Sewer and Bailey.

You collected 2682 gold pieces.
You spent 2169 gold pieces at shops.

Inventory:

Hand Weapons
 q - a +5 broad axe of flaming (weapon)
 S - the +7 dagger of Cumont {drain, rElec rN++ Str+4 Dex-3}
   (You found it on level 2 of the Dungeon)

   A truly terrible weapon, it drains the life of any living foe it strikes.
   Str:       It affects your strength (+4).
   Dex:       It affects your dexterity (-3).
   rElec:     It insulates you from electricity.
   rN:        It greatly protects you from negative energy.
Missiles
 t - 49 poisoned darts (quivered)
 x - 7 javelins
 E - 15 curare-tipped darts
Armour
 a - +0 swamp dragon scales
 b - the +10 plate armour of the Wumpus (worn) {rF+ rN+ Int-2 Dex+6}
   (You bought it in a shop on level 13 of the Dungeon)

   Int:       It affects your intelligence (-2).
   Dex:       It affects your dexterity (+6).
   rF:        It protects you from fire.
   rN:        It protects you from negative energy.
 c - a +0 kite shield (worn)
 i - a +2 pair of boots (worn)
 o - a +2 pair of gloves of strength (worn)
 p - a +2 cloak (worn)
Jewellery
 D - a ring of see invisible
 L - a +4 ring of protection (right hand)
 M - a ring of willpower (left hand)
 N - a ring of protection from fire
 P - an amulet of reflection (around neck)
 U - a ring of willpower
 Y - a ring of positive energy
Wands
 m - a wand of paralysis (28)
 z - a wand of digging (19)
 O - a wand of mindburst (16)
 Q - a wand of flame (51)
 V - a wand of acid (7)
 Z - a wand of iceblast (41)
Scrolls
 d - 4 scrolls of fog
 g - 3 scrolls of fear
 j - 2 scrolls of holy word
 k - 4 scrolls of blinking
 n - 3 scrolls of immolation
 y - 10 scrolls of teleportation
 B - 6 scrolls of enchant armour
 C - 6 scrolls of amnesia
 J - 4 scrolls of vulnerability
 K - a scroll of torment
 T - a scroll of summoning
 X - 2 scrolls of silence
Potions
 e - 10 potions of heal wounds
 f - 2 potions of mutation
 h - 4 potions of might
 r - 2 potions of magic
 s - 7 potions of ambrosia
 u - 2 potions of flight
 v - 3 potions of attraction
 w - 9 potions of haste
 F - 3 potions of invisibility
 G - 5 potions of berserk rage
 H - 12 potions of curing
 I - a potion of cancellation
 R - a potion of resistance
 W - 4 potions of lignification
Miscellaneous
 l - a condenser vane
 A - a tin of tremorstones (2/2)


   Skills:
 + Level 16.8 Fighting
 - Level 18.0 Axes
 + Level 15.4 Armour
 + Level 16.5 Shields
 + Level 17.6 Invocations
 + Level 10.7 Evocations


You had 14 spell levels left.
You knew the following spells:

 Your Spells              Type           Power      Damage    Failure   Level
a - Passwall              Tmut/Erth      0%         N/A       100%        2

Your spell library contained the following spells:

 Spells                   Type           Power      Damage    Failure   Level
 Apportation              Tloc           0%         N/A       99%         1
 Pain                     Necr           0%         1d4       99%         1
 Sandblast                Erth           0%         2d4       99%         1
 Shock                    Conj/Air       0%         1d3       99%         1
 Corpse Rot               Necr/Air       0%         N/A       100%        2
 Scorch                   Fire           0%         2d5       100%        2
 Ignite Poison            Fire/Tmut/Pois 0%         N/A       100%        3
 Mephitic Cloud           Conj/Pois/Air  0%         N/A       100%        3
 Stone Arrow              Conj/Erth      0%         3d7       100%        3
 Summon Guardian Golem    Hex/Summ       0%         N/A       100%        3
 Swiftness                Air            0%         N/A       100%        3
 Tukima's Dance           Hex            0%         N/A       100%        3
 Airstrike                Air            0%         N/A       100%        4
 Dispel Undead            Necr           0%         3d6       100%        4
 Flame Wave               Conj/Fire      0%         2d4       100%        4
 Passage of Golubria      Tloc           0%         N/A       100%        4
 Agony                    Necr           0%         N/A       100%        5
 Alistair's Intoxication  Tmut/Pois      0%         N/A       100%        5
 Excruciating Wounds      Necr           0%         N/A       100%        5
 Fireball                 Conj/Fire      0%         3d3       100%        5
 Freezing Cloud           Conj/Ice/Air   0%         6-21      100%        5
 Iskenderun's Battlesphe  Conj           0%         2d6       100%        5
 Summon Forest            Summ/Tloc      0%         N/A       100%        5
 Summon Mana Viper        Hex/Summ       0%         N/A       100%        5
 Yara's Violent Unravell  Hex/Tmut       0%         3d3       100%        5
 Conjure Ball Lightning   Conj/Air       0%         3x3d6     100%        6
 Death Channel            Necr           0%         N/A       100%        6
 Summon Cactus Giant      Summ           0%         N/A       100%        6
 Orb of Destruction       Conj           0%         9d5       100%        7
 Spellforged Servitor     Conj/Summ      0%         N/A       100%        7


Dungeon Overview and Level Annotations

Branches:
Dungeon (14/15)            Temple (1/1) D:7            Lair (6/6) D:9
  Swamp (4/4) Lair:4       Spider (1/4) Lair:3        Slime (0/5) Lair:5
    Orc (2/2) D:11            Elf (0/3) Orc:2        Vaults (0/5) D:14
  Sewer (visited)          Bailey (visited)

Altars:
Ashenzari
Cheibriados
Dithmenos
Elyvilon
Fedhas
Gozag
Hepliaklqana
Kikubaaqudgha
Makhleb
Nemelex Xobeh
Okawaru
Qazlal
Ru
Sif Muna
Trog
Uskayaw
Vehumet
Wu Jian
Xom
Yredelemnul
Zin
The Shining One
Beogh
Jiyva

Shops:
D:13 [   Orc:1 ?:   Orc:2 (![(

Annotations:
D:14 Rupert
Swamp:1 3 runed translucent doors, Jackthecabe's ghost, adept TeAE
Swamp:3 2 transporters, exclusion: downstairs, Tuop's ghost, adept GnFi


Message History

The culicivora bites you but does no damage.
The boulder beetle is engulfed in freezing vapours.
The boulder beetle hits you!!!
You feel more protected from physical attacks.
The boulder beetle stops rolling and uncurls.
You are too injured to fight recklessly!
Unknown command.
Unknown command.
Press: ? - help, v - describe, . - travel
Here: a culicivora (heavily wounded)
The floor.
Unknown command.
Activating: Disaster Area (0% risk of failure)
Press: ? - help, Dir - look around, f - activate Nature churns violently around you!
The tarantella is engulfed in blazing flames.
You block the tarantella's attack. The culicivora barely misses you.
The tarantella is engulfed in blazing flames.
You kill the tarantella!
Qazlal accepts your kill. You block the boulder beetle's attack.
Unknown command.
Unknown command.
You barely miss the boulder beetle.
The boulder beetle is almost dead.
You miss the culicivora. You block the culicivora's attack.
You slash the boulder beetle! You burn the boulder beetle.
You kill the boulder beetle!
Qazlal accepts your kill.
You completely miss the culicivora. You block the culicivora's attack. x2
You slash the culicivora! You burn the culicivora.
The culicivora is almost dead.
The orb spider weaves a glowing orb of energy.
You block the culicivora's attack.
An orb of destruction comes into view.
You closely miss the culicivora.
The culicivora is almost dead.
You block the culicivora's attack. The orb of destruction hits you!!!
You die...

.......##.......#.........^...###
..............####.#^^..........#
#####........## ####..........##
##......## ####..#.....# ##..####
### #....#...†# #### ##.#
#.#..#†...# ###
##..########^....†# ##.#####
##.§§°§s## ####.###
#...#..#######.)@○☼○>.##. ###
.............#≈○††s......
............^#≈≈##○.≈≈...
.................##≈≈≈...
..#....>..........#≈≈≈...
.####...#.........# #....
...###^####......## .... ....####
#..#.#..# ... .#..# #.####### .>


You could see an orb spider and a culicivora.

Vanquished Creatures
  Saint Roka (Orc:2)
  Mlioglotl (Swamp:3)
  2 thorn hunters
  Kirke (Lair:4)
  2 emperor scorpions (Spider:1)
  Nessos (D:14)
  5 eleionomae
  4 bunyips
  The ghost of Oluanan the Fighter, a journeyman DsFi of Hepliaklqana (Lair:3)
  Snorg (D:14)
  A fire dragon (Lair:6)
  2 shambling mangroves
  2 vault guards (Bailey)
  The ghost of firemarshallily the Fighter, a journeyman DsGl of Cheibriados (D:11)
  28 hydras
  Erolcha (D:9)
  4 boulder beetles
  3 ghost crabs
  5 centaur warriors
  5 two-headed ogres
  A dancing weapon (D:11)
  9 alligators
  A death knight (D:14)
  An orc high priest (Orc:2)
  2 tengu warriors (D:13)
  Urug (D:13)
  Sonja (Lair:4)
  A sun moth (Spider:1)
  A pharaoh ant (Spider:1)
  9 goliath frogs
  The ghost of bnorton916 the Thaumaturge, a novice DEFE of Gozag (D:7)
  3 orb spiders (Spider:1)
  3 spriggan druids
  A glowing orange brain (Lair:3)
  6 swamp dragons
  A lindwurm (Lair:6)
  5 bog bodies
  2 deep elf pyromancers (D:13)
  4 orc knights
  2 orc sorcerers (Orc:2)
  An ugly thing (D:13)
  3 wolf spiders (Spider:1)
  A manticore (D:13)
  3 will-o-the-wisps
  21 elephants
  5 cyclopes
  2 molten gargoyles (Lair:6)
  7 black mambas
  17 cane toads
  2 gargoyles
  2 torpor snails
  13 komodo dragons
  3 rime drakes
  A kobold demonologist (D:7)
  2 polar bears
  6 trolls
  A queen bee (Spider:1)
  9 tyrant leeches
  A bloated husk (Swamp:4)
  Prince Ribbit (Bailey)
  6 meliai (Spider:1)
  10 hornets
  7 tarantellas (Spider:1)
  6 slime creatures
  18 blink frogs
  A jumping spider (shapeshifter) (D:14)
  5 culicivoras
  13 jumping spiders
  7 wyverns
  4 shadows
  20 spriggans
  5 wraiths
  3 hogs (Lair:4)
  18 humans
  38 yaks
  7 basilisks
  3 steam dragons
  5 redbacks (Spider:1)
  Edmund (D:5)
  16 swamp worms
  3 vampire mosquitoes (D:14)
  3 acid dragons
  A warg (Orc:2)
  8 water moccasins
  5 hell hounds (Lair:6)
  An ice beast (D:5)
  29 orc warriors
  6 swamp drakes
  2 sky beasts (D:8)
  2 black bears
  2 necrophages
  9 ogres
  6 wolves (Lair:1)
  16 centaurs
  3 boggarts (Lair:4)
  11 kobold brigands
  Blork the orc (D:4)
  19 bullfrogs
  5 scorpions
  3 water moccasin skeletons
  15 killer bees
  5 wights (D:6)
  4 howler monkeys
  5 electric eels
  4 centaur zombies
  5 lava snakes (Lair:6)
  2 hounds
  2 jellies
  24 orc priests
  6 iguanas
  A bullfrog skeleton (D:4)
  Ijyb (D:5)
  A centaur skeleton (D:7)
  26 orc wizards
  A killer bee zombie (D:7)
  2 hound zombies (D:5)
  A howler monkey zombie (D:9)
  2 gnolls (Bailey)
  10 adders
  3 river rats (Sewer)
  2 shadow imps
  A white imp (D:7)
  An adder skeleton (D:3)
  3 dart slugs
  113 orcs
  10 bats
  8 endoplasms
  4 giant cockroaches
  9 goblins
  5 hobgoblins
  2 jackals (Sewer)
  11 kobolds
  6 quokkas
  14 ball pythons
  8 frilled lizards
  10 rats
882 creatures vanquished.

Vanquished Creatures (collateral kills)
  Mara (Swamp:4)
  the Lernaean hydra (Swamp:4)
  An eleionoma (Swamp:2)
  A hydra (Swamp:4)
  A bog body (Swamp:2)
  A swamp worm (Swamp:2)
  An orc warrior (Orc:2)
  A swamp drake (Swamp:4)
8 creatures vanquished.

Vanquished Creatures (others)
  2 spriggans
  3 hornets
  4 bloated husks
  A tyrant leech (Swamp:3)
  A water moccasin (Lair:6)
  16 foxfires
  28 fungi
  21 plants
76 creatures vanquished.

Grand Total: 966 creatures vanquished

Notes
Turn   | Place    | Note
-------+----------+-------------------------------------------
     0 | D:1      | jifgo the Hill Orc Fighter began the quest for the Orb.
     0 | D:1      | Reached XP level 1. HP: 19/19 MP: 1/1
   179 | D:1      | Reached skill level 3 in Axes
   295 | D:1      | Reached XP level 2. HP: 22/26 MP: 2/2
   563 | D:1      | Reached skill level 4 in Axes
  1414 | D:2      | Found a faded altar of an unknown god.
  1427 | D:2      | Reached XP level 3. HP: 29/31 MP: 3/3
  1452 | D:2      | Reached skill level 5 in Axes
  1728 | D:2      | Identified the +7 dagger of Cumont {drain, rElec rN++ Str+4
                  | Dex-3}
  1819 | D:2      | Reached XP level 4. HP: 28/39 MP: 4/4
  2138 | D:2      | Reached skill level 6 in Axes
  2138 | D:2      | Reached XP level 5. HP: 35/45 MP: 5/5
  2442 | D:2      | Reached skill level 7 in Axes
  3107 | D:3      | Reached skill level 1 in Invocations
  3107 | D:3      | Reached XP level 6. HP: 32/52 MP: 4/7
  3713 | D:4      | Noticed Blork the orc
  3724 | D:4      | Killed Blork the orc
  3725 | D:4      | Reached XP level 7. HP: 56/60 MP: 6/8
  3817 | D:4      | Reached skill level 8 in Axes
  3833 | D:4      | Found a radiant altar of Vehumet.
  3967 | D:4      | Found a glowing drain.
  3994 | Sewer    | Entered a sewer
  4434 | Sewer    | Reached skill level 5 in Fighting
  5277 | D:4      | Reached XP level 8. HP: 63/68 MP: 10/10
  5324 | D:5      | Entered Level 5 of the Dungeon
  5450 | D:5      | Noticed a yak
  5527 | D:5      | Identified a scroll of acquirement
  5527 | D:5      | Acquired a +2 pair of gloves of strength
  5539 | D:5      | Noticed a shadow
  5548 | D:5      | Killed a shadow
  5549 | D:5      | Reached skill level 5 in Armour
  5549 | D:5      | Reached skill level 5 in Shields
  5609 | D:5      | Noticed a yak
  5618 | D:5      | Killed a yak
  5619 | D:5      | Reached skill level 9 in Axes
  5800 | D:5      | Killed a yak
  5801 | D:5      | Reached skill level 5 in Invocations
  5838 | D:5      | Noticed Ijyb
  6011 | D:5      | Killed Ijyb
  6046 | D:5      | Noticed a yak
  6068 | D:5      | Killed a yak
  6069 | D:5      | Reached XP level 9. HP: 65/75 MP: 10/13
  6238 | D:5      | Noticed Edmund
  6245 | D:5      | Killed Edmund
  6300 | D:5      | Found an ornate altar of the Wu Jian Council.
  6518 | D:5      | Learned a level 2 spell: Passwall
  6844 | D:6      | Found an opulent altar of Gozag.
  6989 | D:6      | Reached skill level 10 in Axes
  7241 | D:7      | Noticed a five-headed hydra
  7248 | D:7      | Killed a five-headed hydra
  7428 | D:7      | Reached XP level 10. HP: 79/88 MP: 15/15
  7429 | D:7      | Noticed a kobold demonologist
  7591 | D:7      | Found a burning altar of Makhleb.
  7594 | D:7      | Noticed a balrug
  7596 | D:7      | Found a glowing silver altar of Zin.
  7597 | D:7      | Noticed an angel
  7718 | D:7      | Paralysed by a hornet for 2 turns
  7723 | D:7      | Paralysed by a hornet for 3 turns
  7733 | D:7      | Paralysed by a hornet for 2 turns
  8025 | D:7      | Noticed a five-headed hydra
  8069 | D:7      | Noticed bnorton916's ghost (novice DEFE)
  8073 | D:7      | Found a runed translucent gate.
  8073 | D:7      | Found a runed translucent gate.
  8074 | D:7      | Found a runed translucent gate.
  8113 | D:7      | Found a staircase to the Ecumenical Temple.
  8126 | Temple   | Entered the Ecumenical Temple
  8191 | Temple   | Became a worshipper of Qazlal Stormbringer
  8667 | D:8      | Found a flagged portal.
  8715 | Bailey   | Entered a bailey
  8807 | Bailey   | Reached skill level 11 in Axes
  8807 | Bailey   | Reached * piety under Qazlal
  8926 | Bailey   | Noticed Prince Ribbit
  8944 | Bailey   | Reached skill level 10 in Shields
  8975 | Bailey   | Killed Prince Ribbit
  9150 | Bailey   | Noticed a vault guard
  9174 | Bailey   | Killed a vault guard
  9232 | Bailey   | Noticed a vault guard
  9248 | Bailey   | Killed a vault guard
  9249 | Bailey   | Reached XP level 11. HP: 49/97 MP: 14/17
  9565 | D:7      | Found a broken altar of Ashenzari.
  9837 | D:8      | Found a shimmering altar of Xom.
  9865 | D:8      | Noticed a harpy
  9865 | D:8      | a human changed into a harpy
  9870 | D:8      | a harpy changed into a raiju
  9885 | D:8      | Found a shimmering altar of Xom.
  9886 | D:8      | Found a shimmering altar of Xom.
  9928 | D:8      | Found a shimmering altar of Xom.
  9929 | D:8      | Found a shimmering altar of Xom.
 10144 | D:8      | Noticed a two-headed ogre
 10174 | D:8      | Killed a two-headed ogre
 10374 | D:8      | Found a shimmering altar of Xom.
 10549 | D:9      | Found a basalt altar of Yredelemnul.
 10554 | D:9      | Reached ** piety under Qazlal
 10591 | D:9      | Found a glowing golden altar of the Shining One.
 10591 | D:9      | Noticed a two-headed ogre
 10600 | D:9      | Killed a two-headed ogre
 10874 | D:9      | Found a staircase to the Lair.
 10911 | D:9      | Found a shadowy altar of Dithmenos.
 11085 | D:9      | Noticed a two-headed ogre
 11090 | D:9      | Killed a two-headed ogre
 11091 | D:9      | Reached skill level 10 in Fighting
 11091 | D:9      | Reached skill level 10 in Invocations
 11197 | D:9      | Found a blossoming altar of Fedhas.
 11198 | D:9      | Found a sparkling altar of Nemelex Xobeh.
 11292 | D:9      | Noticed a two-headed ogre
 11307 | D:9      | Killed a two-headed ogre
 11622 | D:9      | Identified the +9 war axe "Puaffixt" {vorpal, Int+4 Stlth+}
 11724 | D:9      | Noticed Erolcha
 11894 | Lair:1   | Entered Level 1 of the Lair of Beasts
 11952 | Lair:1   | Reached skill level 12 in Axes
 13009 | Lair:2   | Reached XP level 12. HP: 89/108 MP: 20/20
 13255 | Lair:2   | Reached skill level 10 in Armour
 13376 | Lair:2   | Reached *** piety under Qazlal
 13490 | Lair:2   | Reached skill level 13 in Axes
 13674 | Lair:2   | Reached skill level 1 in Evocations
 14009 | Lair:3   | Noticed Oluanan's ghost (journeyman DsFi)
 14009 | Lair:3   | Found a runed translucent gate.
 14009 | Lair:3   | Found a runed translucent gate.
 14009 | Lair:3   | Found a runed translucent gate.
 14013 | Lair:3   | Found a viscous altar of Jiyva.
 14052 | Lair:3   | Noticed a four-headed hydra
 14055 | Lair:3   | Noticed a four-headed hydra
 14059 | Lair:3   | Killed a nine-headed hydra
 14072 | Lair:3   | Killed a ten-headed hydra
 14073 | Lair:3   | Reached XP level 13. HP: 24/117 MP: 22/22
 14519 | Lair:3   | Found an ancient bone altar of Kikubaaqudgha.
 14915 | Lair:3   | Found a hole to the Spider Nest.
 14947 | Lair:3   | Reached **** piety under Qazlal
 15466 | Lair:4   | Noticed Sonja
 15476 | Lair:4   | Killed Sonja
 15806 | Lair:4   | Reached skill level 14 in Axes
 16290 | Lair:4   | Noticed Kirke
 16321 | Lair:4   | Noticed a sphinx
 16328 | Lair:4   | Killed Kirke
 16998 | Lair:4   | Found a staircase to the Swamp.
 17196 | Lair:5   | Reached skill level 15 in Shields
 17260 | Lair:5   | Found a viscous altar of Jiyva.
 17260 | Lair:5   | Found a staircase to the Slime Pits.
 17450 | Lair:5   | Reached XP level 14. HP: 105/127 MP: 23/23
 17694 | Lair:5   | Reached skill level 5 in Evocations
 18083 | Lair:6   | Entered Level 6 of the Lair of Beasts
 18163 | Lair:6   | Reached skill level 15 in Axes
 19669 | Lair:6   | Found a large runed translucent door.
 19669 | Lair:6   | Found a large runed translucent door.
 20590 | D:10     | Entered Level 10 of the Dungeon
 20706 | D:10     | Reached ***** piety under Qazlal
 21356 | D:11     | Found a flickering gateway to a bazaar.
 21380 | Bazaar   | Entered a bazaar
 21380 | Bazaar   | Found Meud Joa's Antique Weapon Emporium.
 21387 | Bazaar   | Found Dyuhode's Antique Armour Boutique.
 21407 | Bazaar   | Found Kuot Yre's Distillery.
 21415 | Bazaar   | Bought a potion of degeneration for 16 gold pieces
 21418 | Bazaar   | Found Plog's Book Shop.
 21426 | Bazaar   | Found Joent's General Store.
 21434 | Bazaar   | Bought a condenser vane for 520 gold pieces
 21434 | Bazaar   | Bought a potion of curing for 39 gold pieces
 21434 | Bazaar   | Bought 2 scrolls of identify for 52 gold pieces
 21434 | Bazaar   | Bought a potion of curing for 39 gold pieces
 21434 | Bazaar   | Bought a scroll of enchant armour for 97 gold pieces
 21456 | Bazaar   | Bought a runed cloak for 150 gold pieces
 21470 | Bazaar   | Bought a potion of lignification for 48 gold pieces
 21470 | Bazaar   | Bought a potion of heal wounds for 80 gold pieces
 21470 | Bazaar   | Bought a potion of brilliance for 64 gold pieces
 21630 | D:9      | Killed Erolcha
 21770 | D:11     | Found a roughly hewn altar of Beogh.
 21776 | D:11     | Found a staircase to the Orcish Mines.
 21975 | D:11     | Identified the +2 leather armour of Gegum {Will++ Str-5}
 22386 | D:11     | Found a runed translucent door.
 22387 | D:11     | Found a shimmering altar of Xom.
 22387 | D:11     | Noticed firemarshallily's ghost (journeyman DsGl)
 22582 | D:7      | Reached XP level 15. HP: 136/138 MP: 25/25
 22590 | D:7      | Killed bnorton916's ghost
 22736 | D:11     | Killed firemarshallily's ghost
 22972 | D:12     | Reached skill level 16 in Axes
 23700 | D:13     | Reached skill level 15 in Invocations
 23875 | D:13     | Noticed Urug
 23884 | D:13     | Killed Urug
 24282 | D:13     | Reached ****** piety under Qazlal
 24611 | D:13     | Found Hust's Antique Armour Shoppe.
 24877 | Swamp:1  | Entered Level 1 of the Swamp
 24877 | Swamp:1  | Noticed a thorn hunter
 24894 | Lair:4   | Killed a thorn hunter
 25480 | D:14     | Noticed Snorg
 25488 | D:14     | Identified the +2 kite shield of Ebbimm {rC- rN+ Int+5
                  | Dex+4}
 25517 | D:14     | Killed Snorg
 25521 | D:14     | Noticed Rupert
 25604 | D:14     | Noticed Nessos
 25604 | D:14     | Found a gate to the Vaults.
 25608 | D:14     | Killed Nessos
 25941 | Orc:1    | Entered Level 1 of the Orcish Mines
 25945 | Orc:1    | Found Uvuumoef's Self-Improvement Boutique.
 25947 | Orc:1    | Found Wegeacoy's Magic Scroll Emporium.
 25956 | Orc:1    | Reached skill level 15 in Fighting
 26249 | Orc:2    | Entered Level 2 of the Orcish Mines
 26252 | Orc:2    | Found a roughly hewn altar of Beogh.
 26772 | Orc:2    | Found a roughly hewn altar of Beogh.
 26775 | Orc:2    | Found Edgheg's Distillery.
 26976 | Orc:2    | Found a roughly hewn altar of Beogh.
 26980 | Orc:2    | Found Gafauke's Weapon Emporium.
 27117 | Orc:2    | Found a staircase to the Elven Halls.
 27163 | Orc:2    | Found a roughly hewn altar of Beogh.
 27242 | Orc:2    | Found a roughly hewn altar of Beogh.
 27304 | Orc:2    | Found Giadoo's Antique Weapon Shoppe.
 27305 | Orc:2    | Noticed Saint Roka
 27324 | Orc:2    | Killed Saint Roka
 27325 | Orc:2    | Reached skill level 17 in Axes
 27325 | Orc:2    | Reached XP level 16. HP: 97/149 MP: 23/27
 27485 | Orc:2    | Found Usal's Antique Armour Emporium.
 27486 | Orc:2    | Found a roughly hewn altar of Beogh.
 28005 | D:13     | Bought a faintly glowing plate armour for 1064 gold pieces
 28005 | D:13     | Identified the +10 plate armour of the Wumpus {rF+ rN+
                  | Int-2 Dex+6} (You bought it in a shop on level 13 of the
                  | Dungeon)
 28339 | Swamp:1  | Noticed Jackthecabe's ghost (adept TeAE)
 28339 | Swamp:1  | Noticed a fenstrider witch
 28341 | Swamp:1  | Found a runed translucent gate.
 28345 | Swamp:1  | Found a runed translucent gate.
 28345 | Swamp:1  | Found a runed translucent gate.
 29749 | Swamp:3  | Found a transporter.
 29790 | Swamp:3  | Noticed Tuop's ghost (adept GnFi)
 29790 | Swamp:3  | Noticed a tentacled monstrosity
 29792 | Swamp:3  | Noticed a tentacled monstrosity
 30077 | Swamp:3  | Noticed a thorn hunter
 30085 | Swamp:3  | Found a transporter.
 30088 | Swamp:3  | Noticed Mlioglotl
 30101 | Swamp:3  | Killed Mlioglotl
 30274 | Swamp:3  | Noticed a thorn hunter
 30283 | Swamp:3  | Killed a thorn hunter
 30779 | Swamp:4  | Entered Level 4 of the Swamp
 30798 | Swamp:4  | Noticed Mara
 30804 | Swamp:4  | Killed Mara
 31151 | Swamp:4  | Reached XP level 17. HP: 158/158 MP: 29/29
 31175 | Swamp:4  | Reached skill level 18 in Axes
 31234 | Swamp:4  | Reached skill level 10 in Evocations
 31587 | Swamp:4  | Reached skill level 15 in Armour
 31896 | Swamp:4  | Noticed the 27-headed Lernaean hydra
 31907 | Swamp:4  | Killed the 24-headed Lernaean hydra
 32010 | Swamp:4  | Got a decaying rune of Zot
 32427 | Lair:3   | Killed Oluanan's ghost
 32821 | Spider:1 | Entered Level 1 of the Spider Nest
 33760 | Spider:1 | Blown up by an orb spider

Illustrated notes

Levels and vault maps discovered:
D:1:      sevenhm_arrival_forest_fort_large_2, layout_basic, chequers_avenue
D:2:      layout_loops_ring, nicolae_ecumenical_snake_handling
D:3:      layout_basic
D:4:      layout_cave_pods, mainiacjoe_overflow_brackets, portal_sewer_entry_b,
          uniq_blork_the_orc
D:5:      layout_loops_ring, nzn_wu_jian_contemplation, minmay_manual_monolith,
          uniq_edmund, uniq_ijyb
D:6:      layout_rooms, mainiacjoe_overflow_paths, grunt_ministairs_4
D:7:      layout_loops_ring, grunt_temple_overflow_order_and_chaos_2,
          ashenzari_conservatory_becter, minmay_temple_entry_waves,
          gammafunk_ghost_nasty_kobolds, st_stairs_7, grunt_ministairs_11
D:8:      layout_basic, xom_shifter_show, enter_bailey_5
D:9:      layout_loops_corners, grunt_dithmenos_smoke_and_mirrors,
          mainiacjoe_overflow_cross_hatched, mainiacjoe_overflow_divided_tiny,
          yredelemnul_altar_generic, dpeg_oklobed_lair, roderic_lattice_a,
          minmay_fractal_squares_diagonal_5, uniq_erolcha
D:10:     layout_stronghold, minmay_misc_feat_doors
D:11:     layout_loops_ring, david_orc_5, ebering_ghost_xom, serial_shops,
          bzr_entry_islet, serial_glass, glass_columns_b, glass_columns_a,
          minmay_strange_pillars, minmay_strange_pillars,
          kennysheep_generic_room_14
D:12:     layout_loops_ring
D:13:     minmay_skewed_foursquare, layout_irregular_city, serial_shops,
          nicolae_shop_behind_doors, uniq_urug
D:14:     layout_rooms, david_vaults_3, serial_shops, shop,
          minmay_misc_feat_more_columns, uniq_snorg
Temple:   jpeg_temple_alley_garden
Lair:1:   layout_gridlike, lemuel_fruit_fields, grunt_megastairs_3,
          serial_bayou_shore_a
Lair:2:   layout_chaotic_city, infiniplex_staircase_pool
Lair:3:   layout_regular_city, spider_nest_entry_funnel_web, basic_altar,
          gammafunk_ghost_ooze, serial_bayou_crossing, serial_bayou_shore_b,
          lemuel_fruit_tree
Lair:4:   kb_forest_paths, layout_loops_ring, palyth_hydra_swamp_entry,
          uniq_rupert, uniq_sonja, uniq_kirke
Lair:5:   layout_roguey, dpeg_slime_entry_enclosed_altar
Lair:6:   cheibrodos_lair_end_hotspot, layout_gridlike,
          grunt_forest_small_clearings
Swamp:1:  layout_basic_swamp, gammafunk_ghost_split, nicolae_swamp_big_swirl,
          swamp_pool1, lightli_tree_ring
Swamp:2:  layout_basic_swamp, evilmike_swamp_ruin_house_3,
          nzn_swamp_stair_ambush
Swamp:3:  layout_basic_swamp, gammafunk_ghost_arena, hangedman_swamp_lotus,
          nicolae_swamp_some_circles, uniq_mlioglotl
Swamp:4:  swamp_basic_johnstein, layout_basic_swamp,
          infiniplex_staircase_pool_2, uniq_mara
Spider:1: layout_spider_delve, special_room [special_room_bee],
          nicolae_spider_acid_house
Orc:1:    layout_caves, serial_shops, shop, nicolae_shop_self_help
Orc:2:    grunt_orc_community_town_hall, layout_caves,
          grunt_orc_community_big_house_2, grunt_orc_community_big_house_2,
          grunt_orc_community_house_3, grunt_orc_community_house_2,
          grunt_orc_community_house_3, grunt_orc_community_house_2,
          grunt_orc_community_house_2

Skill      XL: |  1  2  3  4  5  6  7  8  9 10 11 12 13 14 15 16 17 |
---------------+----------------------------------------------------+-----
Axes           | 3 4 5 6 7 8 9 10 11 12 13 14 15 17 18 | 18.0
Fighting       | 4 5 6 7 9 10 11 12 14 15 16 | 16.8
Invocations    | 1 2 3 5 7 9 10 12 13 14 15 16 17 | 17.6
Armour         | 4 5 7 8 9 10 11 12 13 14 15 | 15.4
Shields        | 4 6 8 11 12 14 15 16 | 16.5
Evocations     | 2 4 6 8 9 10 | 10.7

Action                   |  1- 3 |  4- 6 |  7- 9 | 10-12 | 13-15 | 16-18 || total
-------------------------+-------+-------+-------+-------+-------+-------++-------
Melee: War axe           |    89 |       |       |   235 |   275 |       ||   599
       Dagger            |    11 |    97 |   364 |   154 |    33 |       ||   659
       Hand axe          |       |       |       |    59 |       |       ||    59
       Broad axe         |       |       |       |   127 |   786 |   556 ||  1469
Throw: Dart              |       |     3 |       |    15 |     3 |       ||    21
Invok: Upheaval          |       |       |       |       |    10 |     4 ||    14
       Elemental Force   |       |       |       |       |     1 |     4 ||     5
       Disaster Area     |       |       |       |       |       |     1 ||     1
Evoke: Wand              |       |       |     6 |     4 |     2 |       ||    12
  Use: Scroll            |       |       |     9 |     8 |    11 |     5 ||    33
       Potion            |       |       |       |     7 |       |       ||     7
 Stab: Paralysed         |       |       |       |       |     1 |     6 ||     7
Armor: Scale mail        |    38 |    34 |    54 |       |       |       ||   126
       Chain mail        |       |       |    98 |   148 |       |       ||   246
       Plate armour      |       |       |       |   197 |   455 |   272 ||   924
       Leather armour    |       |       |       |     2 |       |       ||     2
Dodge: Dodged            |    49 |    39 |   124 |   140 |   183 |    73 ||   608
       Repelled          |       |       |       |       |     7 |     5 ||    12
Block: Buckler           |    16 |    12 |    64 |   270 |   775 |       ||  1137
       Reflection        |       |       |       |       |    49 |    16 ||    65
       Kite shield       |       |       |       |       |   136 |   635 ||   771
